 Dungeon Crawl Stone Soup version 0.26-a0-651-gb41185065b (webtiles) character file.

Game seed: 2975769228631254338

560 Apogee the Insei (level 7, -7/59 HPs)
             Began as a Pale Draconian Transmuter on Oct 12, 2020.
             Was an Initiate of Makhleb.
             Mangled by Joseph
             ... wielding a cursed -3 quarterstaff
              (10 damage)
             ... on level 7 of the Dungeon.
             The game lasted 00:09:52 (4990 turns).

Apogee the Insei (Pale Draconian Transmuter)        Turns: 4990, Time: 00:09:53

Health: -7/59      AC:  9    Str: 12    XL:     7   Next: 9%
Magic:  10/10      EV: 12    Int: 15    God:    Makhleb [......]
Gold:   337        SH:  0    Dex: 12    Spells: 8/11 levels left

rFire    . . .     SeeInvis .     - Unarmed
rCold    . . .     Faith    .   (no shield)
rNeg     . . .     Spirit   .   (armour unavailable)
rPois    .         Reflect  .   (helmet currently unavailable)
rElec    .         Harm     .   p - +2 cloak
rCorr    .         Rampage  .   (no gloves)
MR       .....                  (boots currently unavailable)
Stlth    +.........             (no amulet)
HPRegen  0.19/turn              h - ring of flight
MPRegen  0.12/turn              (no ring)

@: mighty, short of breath, appendages
A: breathe steam, unfitting armour, horns 2, talons 2, cold-blooded, AC +6
a: Breathe Steam, End Transformation, Renounce Religion, Evoke Flight


You were on level 7 of the Dungeon.
You worshipped Makhleb.
Makhleb was noncommittal.
You had grown temporary horns.
You had grown temporary talons.
You visited 2 branches of the dungeon, and saw 7 of its levels.

You collected 337 gold pieces.

Inventory:

Missiles
 s - 47 stones (quivered)
Armour
 p - a +2 cloak (worn)
   (You found it on level 3 of the Dungeon)
 r - a +0 pair of boots (melded)
   (You found it on level 3 of the Dungeon)
Jewellery
 h - a ring of flight (left hand)
   (You found it on level 1 of the Dungeon)
 l - an uncursed amulet of reflection {unknown}
   (You found it on level 2 of the Dungeon)
 o - an uncursed ring of protection from cold
   (You took it off a hobgoblin on level 2 of the Dungeon)
Wands
 d - a wand of iceblast (13)
   (You found it on level 4 of the Dungeon)
 x - a wand of acid (6)
   (You took it off Ijyb on level 3 of the Dungeon)
Scrolls
 b - 5 scrolls of remove curse {@r2}
 e - 7 scrolls of identify {unknown}
 i - a scroll of random uselessness {unknown}
 k - 3 scrolls of enchant armour
 m - a scroll of amnesia {unknown}
 n - 2 scrolls of enchant weapon {unknown}
 t - 2 scrolls of fear {unknown}
Potions
 c - a potion of resistance {unknown}
 f - a potion of heal wounds {unknown}
 g - 3 potions of curing {@q1}
 j - 2 potions of stabbing {unknown}
 q - a potion of brilliance {unknown}
 u - a potion of magic {unknown}


   Skills:
 + Level 4.2 Fighting
 - Level 1.7 Dodging
 * Level 6.3 Unarmed Combat
 - Level 2.5 Spellcasting
 - Level 3.4 Transmutations


You had 8 spell levels left.
You knew the following spells:

 Your Spells              Type           Power        Failure   Level
a - Beastly Appendage     Tmut           ##....       5%          1
b - Wereblood             Tmut           ##......     8%          2

Your spell library contained the following spells:

 Spells                   Type           Power        Failure   Level
 Corona                   Hex            #......      22%         1
 Spider Form              Tmut/Pois      #.........   30%         3
 Ensorcelled Hibernation  Hex/Ice        #.....       32%         2
 Confusing Touch          Hex            #.......     54%         3
 Dazzling Flash           Conj/Hex       #.....       54%         3
 Tukima's Dance           Hex            #.......     54%         3
 Ice Form                 Ice/Tmut       #.......     71%         4
 Blade Hands              Tmut           ##........   82%         5


Dungeon Overview and Level Annotations

Branches:
Dungeon (5/15)             Temple (1/1) D:4

Altars:
Ashenzari
Dithmenos
Elyvilon
Fedhas
Gozag
Hepliaklqana
Kikubaaqudgha
Makhleb
Nemelex Xobeh
Okawaru
Sif Muna
Uskayaw
Wu Jian
Xom
Yredelemnul
The Shining One

Annotations:
D:7 Joseph


Innate Abilities, Weirdness & Mutations

You can breathe blasts of scalding, opaque steam.
Your pale cyan-grey scales are hard. (AC +6)
You cannot fit into any form of body armour.
You are cold-blooded and may be slowed by cold attacks.
You have a pair of horns on your head.
You have razor-sharp toenails.


Message History

u - a murky sapphire potion A shadow imp comes into view.
The shadow imp shouts, "Flee, thou baffled toenail-biting joithead!"
The shadow imp moves out of view.
You see here 4 gold pieces.
A shadow imp is nearby!
A shadow imp is nearby!
You fall into a shaft and drop 2 floors!
The shaft crumbles and collapses.
Found 13 gold pieces.
Found a stone staircase leading down.
You now have 337 gold pieces (gained 13).
Joseph, a Mercenary comes into view.
He is wielding a -3 quarterstaff.
Joseph drinks a potion.
Joseph goes berserk!
Aim: Joseph, wielding a -3 quarterstaff, wearing a cursed +0 leather armour and quivering 21 sling bullets (berserk)
Okay, then.
Unknown command.
Unknown command.
Aim: Joseph, wielding a -3 quarterstaff, wearing a cursed +0 leather armour and quivering 21 sling bullets (berserk)
You exhale a blast of scalding steam.
You hear a shout! x2
You grow a pair of large bovine horns.
Your feet morph into talons.
Your +0 pair of boots melds into your body.
Joseph is engulfed in a cloud of scalding steam.
Joseph barely misses you.
You feel very mighty all of a sudden.
Joseph hits you with a cursed -3 quarterstaff!
You barely miss Joseph. You tail-slap Joseph! Joseph closely misses you.
You barely miss Joseph. You claw Joseph! Joseph hits you but does no damage.
You closely miss Joseph. You claw Joseph. Your headbutt misses Joseph.
You tail-slap Joseph. Your punch misses Joseph. Joseph misses you.
An orc comes into view.
You hit Joseph.
Joseph hits you with a cursed -3 quarterstaff.
Joseph closely misses you.
You barely miss Joseph.
Joseph hits you with a cursed -3 quarterstaff!
* * * LOW HITPOINT WARNING * * *
You hit Joseph. You claw Joseph!
Joseph hits you with a cursed -3 quarterstaff.
* * * LOW HITPOINT WARNING * * *
An orc wizard comes into view. It is wielding a +0 dagger.
You punch Joseph! You claw Joseph!
Your tail-slap misses Joseph.
Joseph hits you with a cursed -3 quarterstaff!!
* * * LOW HITPOINT WARNING * * *
The orc wizard gestures wildly while chanting.
The orc wizard flickers and vanishes!
Deactivating autopickup; reactivate with Ctrl-A.
You barely miss Joseph.
Joseph hits you with a cursed -3 quarterstaff!
You die...

## #. #{ #. #.
#o #@## #@## #
### ##.##.#
##..## ##..#
##....###..##
#......#.##.#
#.....#.## ..#
#.....#......#
#.>..######....
#.### ###.


You could see Joseph (berserk) and an orc.

Vanquished Creatures
  An ogre (D:3)
  A howler monkey (D:4)
  An orc priest (D:4)
  An orc wizard (D:4)
  Crazy Yiuf (D:3)
  Jessica (D:2)
  A bullfrog skeleton (D:4)
  Ijyb (D:3)
  2 worker ants
  Robin (D:2)
  A hound skeleton (D:3)
  8 adders
  4 oozes
  A worm (D:2)
  2 dart slugs
  4 leopard geckos
  8 orcs
  4 giant cockroaches
  15 goblins
  12 hobgoblins
  6 jackals (D:4)
  A quokka (D:5)
  3 ball pythons
  5 bats
  8 frilled lizards
  5 kobolds
  2 leopard gecko skeletons
  5 rats
105 creatures vanquished.

Notes
Turn   | Place    | Note
-------+----------+-------------------------------------------
     0 | D:1      | Apogee the Draconian Transmuter began the quest for the
                  | Orb.
     0 | D:1      | Reached XP level 1. HP: 16/16 MP: 3/3
   402 | D:1      | Reached XP level 2. HP: 23/23 MP: 3/5
   926 | D:1      | Reached XP level 3. HP: 28/28 MP: 4/6
  1788 | D:2      | Noticed Robin
  1884 | D:2      | Reached XP level 4. HP: 28/36 MP: 7/7
  1906 | D:2      | Killed Robin
  2368 | D:2      | Noticed Jessica
  2377 | D:2      | Killed Jessica
  2377 | D:2      | Reached skill level 4 in Unarmed Combat
  2382 | D:2      | Learned a level 2 spell: Wereblood
  2565 | D:2      | Found a glowing golden altar of the Shining One.
  2665 | D:3      | Noticed Ijyb
  2725 | D:3      | Reached XP level 5. HP: 41/41 MP: 6/8
  2880 | D:3      | Found a runed translucent door.
  2881 | D:3      | Noticed Crazy Yiuf
  3077 | D:3      | Noticed an ogre
  3085 | D:3      | Killed an ogre
  3085 | D:3      | Reached skill level 5 in Unarmed Combat
  3085 | D:3      | Reached XP level 6. HP: 38/51 MP: 7/9
  3281 | D:3      | Killed Ijyb
  3643 | D:3      | Killed Crazy Yiuf
  3780 | D:4      | Found a staircase to the Ecumenical Temple.
  4323 | Temple   | Entered the Ecumenical Temple
  4355 | Temple   | Became a worshipper of Makhleb the Destroyer
  4603 | D:4      | Reached skill level 6 in Unarmed Combat
  4689 | D:4      | Your scales start taking on a pale cyan-grey colour.
  4689 | D:4      | Reached XP level 7. HP: 59/59 MP: 10/10
  4892 | D:5      | Entered Level 5 of the Dungeon
  4971 | D:5      | You fall into a shaft and drop 2 floors!
  4979 | D:7      | Noticed Joseph
  4990 | D:7      | Mangled by Joseph

Illustrated notes

Levels and vault maps discovered:
D:1:      wander_arrival_desolate, layout_basic, minmay_misc_feat_x
D:2:      layout_basic, minmay_misc_feat_alley, nicolae_tso_swordbearing_angel,
          uniq_robin, uniq_jessica
D:3:      layout_rooms, st_stairs_13, minmay_bisected, uniq_crazy_yiuf_cottage,
          uniq_ijyb
D:4:      layout_basic, minmay_temple_entry_poolview
D:5:      layout_loops_ring, chequers_temple_overflow_minitemple, uniq_sigmund,
          uniq_prince_ribbit1
D:7:      cheibrodos_grave_circle, layout_loops_ring, bloody_trog,
          minmay_strange_pillars, tgw_fedhas, uniq_joseph, uniq_harold
Temple:   lightli_temple_of_artemis

Skill      XL: |  1  2  3  4  5  6 |
---------------+-------------------+-----
Transmutations | 3 |  3.4
Fighting       | 2 3 4 |  4.2
Unarmed Combat | 4 5 6 |  6.3
Dodging        | |  1.7
Spellcasting   | |  2.5

Action                   |  1- 3 |  4- 6 |  7- 9 || total
-------------------------+-------+-------+-------++-------
Melee: Unarmed           |   127 |   234 |    21 ||   382
       Tailslap          |     6 |    16 |     3 ||    25
       Kick              |    12 |    27 |     6 ||    45
       Headbutt          |     7 |    23 |     1 ||    31
       Punch             |     1 |     6 |       ||     7
 Cast: Beastly Appendage |    15 |    28 |     2 ||    45
       Wereblood         |       |     1 |       ||     1
 Abil: Breathe Steam     |       |       |     2 ||     2
  Use: Potion            |       |     3 |     1 ||     4
       Scroll            |       |     2 |       ||     2
Armor: Skin              |    42 |    79 |     4 ||   125
Dodge: Dodged            |    86 |   106 |    12 ||   204

Table legend: (Time is in decaauts)
 A = Elapsed time spent in this place.
 B = Non-inter-level travel time spent in this place.
 C = Inter-level travel time spent in this place.
 D = Time resting spent in this place.
 E = Time spent auto-exploring this place.
 F = Levels seen in this place.
 G = Mean time per level.
                   A        B        C        D        E       F      G
               +--------+--------+--------+--------+--------+-----+--------+
         Total |   4952 |   4823 |    129 |    505 |   3386 |   7 |  707.4 |
       Dungeon |   4911 |   4789 |    122 |    505 |   3383 |   6 |  818.5 |
        Temple |     40 |     33 |      7 |      0 |      3 |   1 |   40.0 |
               +--------+--------+--------+--------+--------+-----+--------+

Top non-repeatable levels by time:
     D:1: 1340 daAuts
     D:2: 1333 daAuts
     D:4: 1099 daAuts
     D:3: 1041 daAuts
     D:5: 77 daAuts
  Temple: 40 daAuts
     D:7: 18 daAuts
